 Dungeon Crawl Stone Soup version 0.25-a0-163-g00f8f0cddd (webtiles) character file.

Game seed: 15140673431381813798, levelgen mode: deterministic

131 D1HalberdGnoll the Poker (level 5, -1/41 HPs)
             Began as a Merfolk Skald on Nov 22, 2019.
             Slain by an orc (3 damage)
             ... on level 3 of the Dungeon.
             The game lasted 00:02:48 (2341 turns).

D1HalberdGnoll the Poker (Merfolk Skald)            Turns: 2341, Time: 00:02:49

Health: -1/41      AC:  8    Str: 12    XL:     5   Next: 14%
Magic:  8/8        EV: 12    Int: 15    God:
Gold:   97         SH:  0    Dex: 18    Spells: 7/8 levels left

rFire    . . .     SeeInvis .   f - +0 short sword (venom)
rCold    . . .     Gourm    .   (no shield)
rNeg     . . .     Faith    .   o - +0 chain mail
rPois    .         Spirit   .   (no helmet)
rElec    .         Reflect  .   (no cloak)
rCorr    .         Harm     .   (no gloves)
MR       .....     Rnd*Rage +   (no boots) Stlth ..........Rnd*Tele +
                                (no amulet)
HPRegen  0.13/turn              (no ring)
MPRegen  0.11/turn              (no ring)

@: agile
A: change form in water, swift swim, stealthy swim, berserk 1, clever 1,
teleportitis 1
a: no special abilities


You were on level 3 of the Dungeon.
You were not hungry.

You visited 1 branch of the dungeon, and saw 3 of its levels.

You collected 97 gold pieces.

Inventory:

Hand Weapons
 a - a +0 spear
 f - a +0 short sword of venom (weapon)
Armour
 o - a +0 chain mail (worn)
Jewellery
 b - an uncursed ring of magical power
 m - an uncursed ring of magical power
 p - a +2 ring of dexterity {unknown}
Wands
 k - a wand of digging (8)
Scrolls
 c - 5 scrolls of identify {unknown}
 e - 2 scrolls of teleportation {unknown}
 h - a scroll of enchant weapon {unknown}
 i - 2 scrolls of magic mapping {unknown}
 j - a scroll of blinking {unknown}
 q - a scroll of enchant armour {unknown}
 r - a scroll of fear {unknown}
Comestibles
 d - 5 rations
 s - 2 chunks of flesh


   Skills:
 + Level 3.1 Fighting
 * Level 5.2 Polearms
 + Level 1.6 Armour
 + Level 3.8 Dodging
 - Level 2.0 Spellcasting
 - Level 3.2 Charms


You had 7 spell levels left.
You knew the following spells:

 Your Spells              Type           Power        Failure   Level  Hunger
a - Infusion              Chrm           ##..         94%         1    #......

Your spell library contained the following spells:

 Spells                   Type           Power        Failure   Level  Hunger
 Song of Slaying          Chrm           ##......     98%         2    ###....
 Shroud of Golubria       Chrm/Tloc      #.....       100%        2    ###....
 Regeneration             Chrm/Necr      #.........   100%        3    ###....
 Spectral Weapon          Hex/Chrm       #.......     100%        3    ###....


Dungeon Overview and Level Annotations

Branches:
Dungeon (3/15)

Altars:


Innate Abilities, Weirdness & Mutations

You revert to your normal form in water.
You are very nimble and swift while swimming.
You are very stealthy in the water. (Stealth+)
You tend to lose your temper in combat.
Your mind is acute. (Int +2)
You are occasionally teleported next to monsters.


Message History

The orc wizard looks as sick as possible!
The orc wizard is lightly wounded.
The rat barely misses you.
The orc wizard gestures at you while chanting.
The magic dart hits you!
* * * LOW HITPOINT WARNING * * *
The orc barely misses you. The rat bites you but does no damage.
Okay, then.
It was a potion of mutation.
You feel extremely strange.
You feel a little pissed off.
You feel weirdly uncertain.
You feel clever. The orc barely misses you.
The orc wizard hits you but does no damage.
The orc hits you but does no damage. The rat barely misses you.
It was a potion of agility.
You feel agile all of a sudden. The orc barely misses you.
The orc wizard hits you with a +0 dagger.
* * * LOW HITPOINT WARNING * * *
The orc hits you.
You die...

##........#####.# #.#
##.######.### #.. ..#
##.## #.....# ### ##
#.### #.....# ....#
#.....# .##.#
#..############ # ..#.#
#................ #.#.##
##.#...#..r#...#. (.)..#
#.......@o..[... #.##.#
###...#.oo#...#.
#.##.#####..............
#.......############## #
##.#..#.# #######.#
......#.# #.......#
##.##.#.######.#######
#.##..........#
#.####[########


You could see an orc wizard, 2 orcs and a rat.

Vanquished Creatures
  An orc priest (D:3)
  4 adders (D:3)
  2 dart slugs (D:1)
  4 orcs (D:3)
  2 giant cockroaches
  8 goblins
  6 hobgoblins
  3 jackals (D:3)
  4 kobolds
  2 quokkas (D:3)
  A ball python (D:3)
  6 bats
  3 frilled lizards (D:3)
  9 rats
55 creatures vanquished.

Notes
Turn   | Place    | Note
-------+----------+-------------------------------------------
     0 | D:1      | D1HalberdGnoll the Merfolk Skald began the quest for the
                  | Orb.
     0 | D:1      | Reached XP level 1. HP: 16/16 MP: 3/3
    54 | D:1      | Reached XP level 2. HP: 23/23 MP: 5/5
   349 | D:1      | Reached skill level 1 in Armour
   742 | D:2      | Reached XP level 3. HP: 26/28 MP: 6/6
   844 | D:2      | Reached skill level 4 in Polearms
  1623 | D:3      | Reached XP level 4. HP: 21/34 MP: 7/7
  2337 | D:3      | Reached skill level 5 in Polearms
  2337 | D:3      | Reached XP level 5. HP: 13/41 MP: 8/8
  2340 | D:3      | Gained mutation: You tend to lose your temper in combat.
                  | [potion of mutation]
  2340 | D:3      | Gained mutation: You are occasionally teleported next to
                  | monsters. [potion of mutation]
  2340 | D:3      | Gained mutation: Your mind is acute. (Int +2) [potion of
                  | mutation]
  2341 | D:3      | HP: 2/41 [orc wizard/+0 dagger (3)]
  2341 | D:3      | Slain by an orc

Levels and vault maps discovered:
D:1:      shiori_arrival_maze, layout_loops_ring
D:2:      layout_basic, first_ration
D:3:      layout_loops_cross, lemuel_coloured_pillars_altar,
          chequers_serial_rivers_micro_b, minmay_increasing_density

Skill      XL: |  1  2  3  4 |
---------------+-------------+-----
Dodging        | 3 |  3.8
Armour         | 1 |  1.6
Polearms       | 4 5 |  5.2
Fighting       | 3 |  3.1
Spellcasting   | |  2.0
Charms         | |  3.2

Action                   |  1- 3 |  4- 6 || total
-------------------------+-------+-------++-------
Melee: Spear             |    37 |       ||    37
       Short sword       |    58 |    81 ||   139
  Use: Potion            |       |     3 ||     3
 Stab: Sleeping          |     2 |       ||     2
  Eat: Chunk             |     2 |     3 ||     5
Armor: Leather armour    |     8 |       ||     8
       Chain mail        |    22 |    88 ||   110
Dodge: Dodged            |    34 |    52 ||    86

Table legend:
 A = Non-vault XP
 B = Vault XP
 C = Vault XP percentage of total XP
 D = Non-vault monster count
 E = Vault monster count
 F = Vault count percentage of total count
                 A         B        C        D         E       F
            +---------+---------+-------+---------+---------+-------
      Total |     150 |      38 |  20.2 |      47 |       8 |  14.5
            +---------+---------+-------+---------+---------+-------
        D:1 |      27 |       4 |  12.9 |      13 |       2 |  13.3
        D:2 |      12 |       0 |   0.0 |       8 |       0 |   0.0
        D:3 |     111 |      34 |  23.4 |      26 |       6 |  18.8
            +---------+---------+-------+---------+---------+-------
